 Dungeon Crawl Stone Soup version 0.29-a0-565-g7a16c6de65 (webtiles) character file.

Game seed: 858444841814098359

58 KristoblXynda the Ruffian (level 3, -4/36 HPs)
             Began as a Troll Monk on June 12, 2022.
             Slain by a gnoll
             ... wielding a +0 flail
              (6 damage)
             ... on level 2 of the Dungeon.
             The game lasted 00:01:14 (735 turns).

KristoblXynda the Ruffian (Troll Monk)               Turns: 735, Time: 00:01:14

Health: -4/36      AC:  4    Str: 19    XL:     3   Next: 76%
Magic:  2/2        EV: 10    Int:  8    God:
Gold:   88         SH:  0    Dex: 12    Spells: 2/2 levels left

rFire   . . .      SeeInvis .     - Unarmed
rCold   . . .      Faith    .   (no shield)
rNeg    . . .      Spirit   .   a - +0 robe
rPois   .          Reflect  .   (helmet restricted)
rElec   .          Harm     .   (no cloak)
rCorr   .          Rampage  .   (gloves unavailable)
Will    .....                   (boots unavailable)
Stlth   ++........              (no amulet)
HPRegen 0.92/turn               (no ring)
MPRegen 0.08/turn               (no ring)

@: no status effects
A: large, unfitting armour, claws 3, regeneration 1, shaggy fur 1, tough skin 1
a: no special abilities


You were on level 2 of the Dungeon.
You visited 1 branch of the dungeon, and saw 2 of its levels.

You collected 88 gold pieces.

Inventory:

Armour
 a - a +0 robe (worn)
Jewellery
 j - a ring of positive energy
Scrolls
 d - 2 scrolls of fear {unknown}
 e - a scroll of magic mapping {unknown}
 f - a scroll of fog {unknown}
 g - 2 scrolls of identify {unknown}
 i - a scroll of blinking {unknown}
 k - a scroll of vulnerability {unknown}
 m - a scroll of poison {unknown}
Potions
 b - a potion of ambrosia
 c - a potion of degeneration {unknown}
 h - a potion of heal wounds {unknown}
 l - a potion of curing {unknown}


   Skills:
 + Level 2.9 Fighting
 + Level 1.2 Armour
 + Level 2.8 Dodging
 - Level 1.0 Stealth
 + Level 3.4 Unarmed Combat


You had 2 spell levels left.
You didn't know any spells.
Your spell library was empty.

Dungeon Overview and Level Annotations

Branches:
Dungeon (2/15)

Altars:


Innate Abilities, Weirdness & Mutations

You are too large for most types of armour.
You have claws for hands.
Your natural rate of healing is unusually fast.
You are covered in fur. (AC +1)
You have tough skin. (AC +1)


Message History

You completely miss the frilled lizard. The frilled lizard bites you.
An adder comes into view.
You closely miss the frilled lizard. The frilled lizard closely misses you.
You barely miss the frilled lizard.
The frilled lizard bites you but does no damage.
You closely miss the frilled lizard.
The frilled lizard bites you but does no damage.
You claw the frilled lizard!
You kill the frilled lizard!
You scratch the hobgoblin.
The hobgoblin is almost dead.
The hobgoblin hits you but does no damage.
You completely miss the hobgoblin. Your claw misses the hobgoblin.
The hobgoblin is almost dead.
A frilled lizard comes into view.
The hobgoblin hits you.
You claw the hobgoblin!
You kill the hobgoblin!
The gnoll hits you with a +0 flail! x2
A frilled lizard comes into view.
Items here: )) ? †.
The frilled lizard hisses angrily.
You scratch the gnoll but do no damage. The gnoll barely misses you.
The gnoll hits you with a +0 flail.
You claw the gnoll!
The gnoll is severely wounded.
You claw the gnoll!
The gnoll is severely wounded.
A frilled lizard comes into view.
The gnoll barely misses you. The gnoll hits you with a +0 flail!
* * * LOW HITPOINT WARNING * * *
The frilled lizard hisses angrily.
You scratch the gnoll but do no damage.
The gnoll is severely wounded.
The gnoll hits you with a +0 flail!
* * * LOW HITPOINT WARNING * * *
The gnoll closely misses you.
A frilled lizard comes into view.
The gnoll attacks as you move away! The gnoll hits you with a +0 flail.
You die...

...................##.)#
##.................# .#
...##.......)....#.....
.### ##..........####...
#.....###..# ...
#....#####.. ##
######.##........
#...).....#### ###
#..###.##.@### ....
#.###ggl# .##. #<#
###SS# .. ..# #l# #. ###
..l . ##. l. ≈


You could see 2 gnolls, an adder, a ball python and 4 frilled lizards.

Vanquished Creatures
  2 gnolls (D:2)
  2 dart slugs (D:1)
  2 bats
  3 endoplasms
  A giant cockroach (D:1)
  7 goblins
  3 hobgoblins
  2 jackals (D:1)
  A kobold (D:1)
  3 quokkas (D:1)
  A ball python (D:1)
  A frilled lizard (D:2)
  2 rats
30 creatures vanquished.

Notes
Turn   | Place    | Note
-------+----------+-------------------------------------------
     0 | D:1      | KristoblXynda the Troll Monk began the quest for the Orb.
     0 | D:1      | Reached XP level 1. HP: 22/22 MP: 0/0
     6 | D:1      | Noticed a dwarf
     8 | D:1      | Noticed a troll
    11 | D:1      | Noticed a minotaur
    14 | D:1      | Noticed a demigod
    16 | D:1      | Noticed a naga
    18 | D:1      | Noticed a dwarf
    45 | D:1      | Found a faded altar of an unknown god.
   114 | D:1      | Reached XP level 2. HP: 29/29 MP: 1/1
   657 | D:2      | Reached XP level 3. HP: 36/36 MP: 2/2
   658 | D:2      | Reached skill level 1 in Armour
   735 | D:2      | Slain by a gnoll

Illustrated notes

Levels and vault maps discovered:
D:1:      shiori_arrival_whats_in_store_for_you, layout_basic,
          basic_ecumenical_altar
D:2:      layout_rooms, minmay_lizard_pond

Skill      XL: |  1  2  3 |
---------------+----------+-----
Armour         | 1 |  1.2
Fighting       | |  2.9
Dodging        | |  2.8
Stealth        | |  1.0
Unarmed Combat | |  3.4

Action                   || total
-------------------------++-------
Melee: Unarmed           ||    70
       Punch             ||     2
Armor: Robe              ||    31
Dodge: Dodged            ||    36

Table legend: (Time is in decaauts)
 A = Elapsed time spent in this place.
 B = Non-inter-level travel time spent in this place.
 C = Inter-level travel time spent in this place.
 D = Time resting spent in this place.
 E = Time spent auto-exploring this place.
 F = Levels seen in this place.
 G = Mean time per level.
                   A        B        C        D        E       F      G
               +--------+--------+--------+--------+--------+-----+--------+
         Total |    730 |    726 |      4 |      0 |    561 |   2 |  365.0 |
       Dungeon |    730 |    726 |      4 |      0 |    561 |   2 |  365.0 |
               +--------+--------+--------+--------+--------+-----+--------+

Top non-repeatable levels by time:
     D:1: 648 daAuts
     D:2: 82 daAuts
